 Dungeon Crawl Stone Soup version 0.29-a0-371-g91724d5b39 (webtiles) character file.

Game seed: 16104710621315873031

61 spaghetti the Skirmisher (level 4, -1/49 HPs)
             Began as an Octopode Chaos Knight on May 2, 2022.
             Was a Plaything of Xom.
             Slain by a kobold
             ... wielding a +1 dagger of electrocution
              (2 damage)
             ... on level 3 of the Dungeon.
             The game lasted 00:05:02 (2310 turns).

spaghetti the Skirmisher (Octopode Chaos Knight)    Turns: 2310, Time: 00:05:04

Health: -1/49      AC:  1    Str: 10 (11) XL:     4   Next: 7%
Magic:  4/4        EV: 13    Int: 16      God:    Xom [*.....]
Gold:   80         SH:  0    Dex:  9 (13) Spells: 4/4 levels left

rFire   . . .      SeeInvis .   e - +0 dagger (speed) {short}
rCold   . . .      Faith    .   (no shield)
rNeg    . . .      Spirit   .   (helmet restricted)
rPois   .          Reflect  .   o - amulet of magic regeneration {@e2}
rElec   .          Harm     .   (no ring)
rCorr   .          Rampage  .   (no ring)
Will    .....                   (no ring)
Stlth   ..........              (no ring)
HPRegen 0.16/turn               (no ring)
MPRegen 0.49/turn               (no ring)
                                (no ring)
                                (no ring)

@: berserking, flying, unable to read, very quick
A: almost no armour, amphibious, 8 rings, camouflage 1, gelatinous body 1,
(nimble swimmer 1), tentacles, agile 1, deterioration 1, inability to read while
threatened
a: Renounce Religion


You were on level 3 of the Dungeon.
You worshipped Xom.
You were a special plaything of Xom.
You visited 1 branch of the dungeon, and saw 3 of its levels.

You collected 80 gold pieces.


Innate Abilities, Weirdness & Mutations

You cannot wear most types of armour.
You are amphibious.
You can wear up to eight rings at the same time.
Your skin changes colour to match your surroundings (Stealth+).
Your rubbery body absorbs attacks. (AC +1, EV +1)
((You are camouflaged when in or above water. (Stealth+)))
You have tentacles for arms and can constrict up to eight enemies at once.
You are agile. (Dex +2)
Your body sometimes deteriorates upon taking damage.
You sometimes lose the ability to read scrolls when taking damage.


   Skills:
 + Level 3.8 Fighting
 - Level 3.6 Short Blades
 - Level 2.3 Dodging
 + Level 0.5 Spellcasting
 * Level 1.2 Conjurations


You had 4 spell levels left.
You didn't know any spells.
Your spell library contained the following spells:

 Spells                   Type           Power      Damage    Failure   Level
 Summon Small Mammal      Summ           0%         N/A       24%         1
 Conjure Flame            Conj/Fire      2%         6-21      50%         3
 Stone Arrow              Conj/Erth      4%         3d7       50%         3
 Call Canine Familiar     Summ           0%         N/A       56%         3
 Summon Guardian Golem    Hex/Summ       0%         N/A       56%         3
 Ignite Poison            Fire/Tmut/Pois 0%         N/A       58%         3
 Sticky Flame             Conj/Fire      2%         2d3       88%         4
 Lehudib's Crystal Spear  Conj/Erth      1%         10d2      100%        8
 Animate Armour           Summ/Erth      Unusable   N/A       N/A         4

Inventory:

Hand Weapons
 a - a +0 short sword of chaos {short}
 e - a +0 dagger of speed (weapon) {short}
   (You took it off a kobold on level 1 of the Dungeon)
Missiles
 f - 2 poisoned darts {throwing}
 i - 41 stones {throwing}
Jewellery
 h - a ring of ice
   (You found it on level 1 of the Dungeon)
 o - an amulet of magic regeneration (around mantle) {@e2}
   (You took it off a hobgoblin on level 2 of the Dungeon)
Scrolls
 d - 3 scrolls of identify {unknown}
 j - 3 scrolls of summoning {unknown}
 k - a scroll of enchant armour {unknown}
 n - a scroll of holy word
 p - a scroll of magic mapping {unknown}
Miscellaneous
 b - a piece from Xom's chessboard (15/15) (quivered)

Dungeon Overview and Level Annotations

Branches:
Dungeon (3/15)

Altars:

Annotations:
D:3 Jessica, Robin, Sigmund

......##.# #...##....!......
########.#
#.......######...... #.#
#.##....# ##..... .
#.#####.##....# ##.... #
#........... . ## #....
##.#####..##.#....# .... #.###
..K......##.#....##....#
###....
#.######.#..>..l.........#...#
#.##.#.g@.K......!..# ..
###)##.##K.$#..b....#.!.... ##
#....).)....# #...# #...###
#.####..###...#... .#.#.# #.
#....# @#.# # .##.# #. #.##.#
...# .. .# #. #. #.# #.## #. #
#. < .=# .. .. #### ### ...


You could see Jessica, a goblin, a bat, 2 kobolds and a frilled lizard.


Message History

Your butterfly degenerates into a cloud of primal chaos!
Your butterfly is engulfed in seething chaos.
Your butterfly seems to grow stronger.
Key pressed, stopping explore.
Your butterfly disappears in a puff of smoke!
Key pressed, stopping explore.
An orc comes into view. It is wielding a +0 short sword.
An orc is nearby!
A kobold comes into view.
It is wielding a +1 dagger of electrocution.
The kobold shouts!
The orc hits you with a +0 short sword.
Your body deteriorates!
You feel clumsy. 😕 HP[-6]
You take 6 damage, and now have 21/27 hp.
MASSIVE DAMAGE!! (PAUSE)
You hit the orc but do no damage. You grab the orc. You tentacle-slap the orc.
You squeeze the orc, but do no damage. You constrict the orc.
Your butterfly disappears in a puff of smoke!
You hit the orc. You constrict the orc. The orc closely misses you.
You hit the orc but do no damage. You constrict the orc.
You kill the orc!
You have reached level 4! 😕 HP[+5] MP[+1]
You now have 33 max hp (+6).
You regained 5 hp, and now have 26/33 hp.
Your mp is fully restored (4).
You start resting.
Something hits your butterfly.
Lightning courses through your butterfly!
Your butterfly dies!
Your butterfly disappears in a puff of smoke! 2 orcs come into view.
Things that are here:
a +0 short sword {short}; a +0 ring mail; an orc corpse The kobold completely misses your butterfly.
Your butterfly disappears in a puff of smoke!
The orc hits you with a +0 mace.
You barely miss the orc. You grab the orc.
You constrict the orc, but do no damage.
The orc barely misses you.
You hit the orc. You squeeze the orc.
You kill the orc!
The kobold attacks as you move away! The kobold misses you.
A goblin comes into view. It is wielding a +0 club.
Found a ring of ice.
Found a stone staircase leading down.
Things that are here:
a +0 mace {mace}; an orc corpse
Found a stone staircase leading up.
The helpless orc fails to defend itself.
You puncture the orc!
You kill the orc!
The kobold hits you with a +1 dagger of electrocution.
You feel threatened and lose the ability to read scrolls!
Your body deteriorates!
You feel clumsy. 😮 HP[-4]
You take 4 damage, and now have 22/33 hp.
The kobold attacks as you move away! The kobold misses you.
A frilled lizard comes into view.
You can read scrolls again.
Things that are here:
a +0 flail {mace}; a +0 ring mail The kobold attacks as you move away!
The kobold hits you with a +1 dagger of electrocution.
You feel threatened and lose the ability to read scrolls!
Your body deteriorates!
You feel clumsy.
The goblin shouts!
Jessica the Apprentice Sorceress comes into view.
She is wielding a +0 club and carrying a wand of flame (8).
Jessica zaps a wand.
The puff of flame hits you!
* * * LOW HITPOINT WARNING * * *
😨 HP[-12]
You take 12 damage, and now have 10/33 hp.
MASSIVE DAMAGE!! (PAUSE) Unknown command.
It was a potion of flight.
You feel very buoyant.
You fly up into the air.
Xom roars with laughter!
The kobold closely misses you.
Jessica zaps a wand.
The puff of flame hits you!
* * * LOW HITPOINT WARNING * * *
Your body deteriorates!
You feel clumsy. 😱 HP[-6]
You take 6 damage, and now have 4/33 hp.
It was a potion of berserk rage.
A red film seems to cover your vision as you go berserk!
You feel yourself moving faster!
You feel mighty!
The frilled lizard hisses angrily.
The kobold hits you with a +1 dagger of electrocution.
* * * LOW HITPOINT WARNING * * *
The goblin hits you with a +0 club.
* * * LOW HITPOINT WARNING * * *
😱 HP[-3]
You now have 49 max hp (+16).
Unknown command.
You closely miss the goblin. Your grab misses the goblin.
The kobold hits you with a +1 dagger of electrocution.
You die...
Xom is highly amused!

Skill      XL: |  1  2  3 |
---------------+----------+-----
Conjurations   | 1 |  1.2
Fighting       | |  3.8
Short Blades   | |  3.6
Dodging        | |  2.3
Spellcasting   | |  0.5

Action                   |  1- 3 |  4- 6 || total
-------------------------+-------+-------++-------
Melee: Short sword       |    13 |       ||    13
       Constrict         |    21 |     1 ||    22
       Tentacles         |    14 |     1 ||    15
       Dagger            |    69 |     4 ||    73
       Punch             |     5 |       ||     5
  Use: Potion            |     2 |     2 ||     4
       Scroll            |     3 |       ||     3
 Stab: Sleeping          |     8 |     1 ||     9
Armor: Skin              |     7 |       ||     7
Dodge: Dodged            |    43 |     4 ||    47

Levels and vault maps discovered:
D:1:      saegor_arrival_simple_d, layout_basic,
          hellmonk_ecumenical_altar_arch_garden, minmay_misc_feat_encased
D:2:      layout_loops_ring, serial_undead, serial_undead_f, serial_undead_f,
          serial_undead_e, serial_undead_a, mrwooster_statue_mirror,
          grunt_ministairs_4
D:3:      layout_loops_cross, uniq_sigmund, uniq_jessica, uniq_robin

Notes
Turn   | Place    | Note
-------+----------+-------------------------------------------
     0 | D:1      | spaghetti the Octopode Chaos Knight began the quest for the
                  | Orb.
     0 | D:1      | Reached XP level 1. HP: 16/16 MP: 1/1
     0 | D:1      | magus.rc [v1.9.6]
    88 | D:1      | HP: 4/16 [goblin/+0 dagger (3)]
   283 | D:1      | Reached XP level 2. HP: 21/21 MP: 2/2
   364 | D:1      | XOM: potion effect (might)
   846 | D:1      | Found a faded altar of an unknown god.
  1120 | D:2      | Reached XP level 3. HP: 26/26 MP: 3/3
  1133 | D:2      | You pick up a book of Callings and begin reading...
  1133 | D:2      | You add the spells Summon Small Mammal, Call Canine
                  | Familiar and Summon Guardian Golem to your library.
  1320 | D:2      | You pick up a book of Armaments and begin reading...
  1320 | D:2      | You add the spells Stone Arrow and Lehudib's Crystal Spear
                  | to your library.
  1377 | D:2      | You add the spells Conjure Flame, Ignite Poison and Sticky
                  | Flame to your library.
  1552 | D:2      | XOM: give mutations
  1552 | D:2      | Gained mutation: Your body sometimes deteriorates upon
                  | taking damage. [Xom's mischief]
  1552 | D:2      | Gained mutation: You are frail. (-10% HP) [Xom's mischief]
  1552 | D:2      | Gained mutation: You are weak. (Str -2) [Xom's mischief]
  1552 | D:2      | Lost mutation: You are weak. (Str -2) [Xom's mischief]
  1885 | D:2      | XOM: give mutations
  1885 | D:2      | Gained mutation: You sometimes lose the ability to read
                  | scrolls when taking damage. [Xom's mischief]
  1885 | D:2      | Gained mutation: You are agile. (Dex +2) [Xom's mischief]
  1885 | D:2      | Lost mutation: You are frail. (-10% HP) [Xom's mischief]
  2032 | D:3      | XOM is BORED!
  2032 | D:3      | XOM: 4-stop teleportation journey
  2130 | D:3      | Noticed Robin
  2135 | D:3      | Reached skill level 1 in Conjurations
  2177 | D:3      | Noticed Sigmund
  2259 | D:3      | XOM: scenery: summon butterflies
  2291 | D:3      | Reached XP level 4. HP: 26/33 MP: 4/4
  2306 | D:3      | Noticed Jessica
  2307 | D:3      | HP: 4/33 [Jessica/puff of flame (7)]
  2308 | D:3      | HP: 1/49 [goblin/+0 club (1)]
  2310 | D:3      | Slain by a kobold

Vanquished Creatures
  An adder (D:3)
  3 orcs (D:3)
  2 endoplasms
  4 giant cockroaches
  6 goblins
  7 hobgoblins
  A quokka (D:1)
  5 ball pythons
  A ball python zombie (D:2)
  6 bats
  2 frilled lizards
  3 kobolds (D:1)
  2 rats (D:2)
43 creatures vanquished.

Table legend:
 A = Non-vault XP
 B = Vault XP
 C = Vault XP percentage of total XP
 D = Non-vault monster count
 E = Vault monster count
 F = Vault count percentage of total count
                 A         B        C        D         E       F
            +---------+---------+-------+---------+---------+-------
      Total |      86 |       2 |   2.3 |      41 |       2 |   4.7
            +---------+---------+-------+---------+---------+-------
        D:1 |      33 |       0 |   0.0 |      19 |       0 |   0.0
        D:2 |      16 |       2 |  11.1 |      10 |       2 |  16.7
        D:3 |      37 |       0 |   0.0 |      12 |       0 |   0.0
            +---------+---------+-------+---------+---------+-------

Illustrated notes

Table legend:
 A = Kills in this place as a percentage of kills in entire the game.
 B = Kills by you in this place as a percentage of kills by you in the entire game.
 C = Kills by friends in this place as a percentage of kills by friends in the entire game.
 D = Other kills in this place as a percentage of other kills in the entire game.
 E = Experience gained in this place as a percentage of experience gained in the entire game.
 F = Experience gained in this place divided by the number of levels of this place that you have seen.
                   A       B       C       D       E      F
               +-------+-------+-------+-------+-------+----------------------
         Total | 100.0 | 100.0 |   N/A |   N/A | 100.0 |  29.3
       Dungeon | 100.0 | 100.0 |   N/A |   N/A | 100.0 |  29.3
               +-------+-------+-------+-------+-------+----------------------

Table legend: (Time is in decaauts)
 A = Elapsed time spent in this place.
 B = Non-inter-level travel time spent in this place.
 C = Inter-level travel time spent in this place.
 D = Time resting spent in this place.
 E = Time spent auto-exploring this place.
 F = Levels seen in this place.
 G = Mean time per level.
                   A        B        C        D        E       F      G
               +--------+--------+--------+--------+--------+-----+--------+
         Total |   2276 |   2189 |     87 |    286 |   1552 |   3 |  758.7 |
       Dungeon |   2276 |   2189 |     87 |    286 |   1552 |   3 |  758.7 |
               +--------+--------+--------+--------+--------+-----+--------+

Top non-repeatable levels by time:
     D:1: 1106 daAuts
     D:2: 868 daAuts
     D:3: 301 daAuts
